 Dungeon Crawl Stone Soup version 0.25-a0-576-g50b708a4c4 (webtiles) character file.

Game seed: 14661656807880410861, levelgen mode: classic

14443 EnegeticOcto the Cleaver (level 11, -3/108 HPs)
             Began as a Deep Dwarf Fighter on Mar 1, 2020.
             Was an Elder of Makhleb.
             Slain by a freezing wraith (4 damage)
             ... led by a death knight
             ... on level 11 of the Dungeon.
             The game lasted 00:06:17 (7357 turns).

EnegeticOcto the Cleaver (Deep Dwarf Fighter)       Turns: 7357, Time: 00:06:18

Health: -3/108     AC: 17    Str: 24    XL:     11   Next: 88%
Magic:  0/0        EV:  8    Int:  8    God:    Makhleb [****..]
Gold:   459        SH: 11    Dex: 12    Spells: 10/10 levels left

rFire    . . .     SeeInvis +   a - +1 war axe (venom)
rCold    . . .     Gourm    .   c - +0 kite shield
rNeg     + . .     Faith    .   m - +4 scale mail {rN+}
rPois    .         Spirit   .   v - +0 helmet
rElec    .         Reflect  .   q - +2 cloak
rCorr    .         Harm     .   (no gloves)
MR       +....                  (no boots)
Stlth    ..........             (no amulet)
HPRegen  0.00/turn              b - ring of see invisible
MPRegen  0.07/turn              (no ring)

@: non-regenerating, slowed, very slow
A: damage resistance, heal wounds, sense surroundings 2, no regeneration
a: Heal Wounds, Minor Destruction, Lesser Servant of Makhleb, Major Destruction,
Renounce Religion


You were on level 11 of the Dungeon.
You worshipped Makhleb.
Makhleb was greatly pleased with you.
You were not hungry.

You visited 2 branches of the dungeon, and saw 14 of its levels.

You collected 648 gold pieces.
You spent 189 gold pieces at shops.

Inventory:

Hand Weapons
 a - a +1 war axe of venom (weapon)
 h - a +0 vorpal war axe
Missiles
 n - 5 throwing nets (quivered)
Armour
 c - a +0 kite shield (worn)
 m - a +4 scale mail of positive energy (worn)
 q - a +2 cloak (worn)
 v - a +0 helmet (worn)
 A - a +2 chain mail of fire resistance
Jewellery
 b - a ring of see invisible (left hand)
 C - an uncursed ring of flight {unknown}
Wands
 s - a wand of iceblast (11)
 w - a wand of paralysis (14)
 x - a wand of flame (48)
 z - a wand of acid (7) {@v1}
 G - a wand of scattershot (5)
Scrolls
 p - 4 scrolls of identify {@r1}
 r - 6 scrolls of remove curse {@r6}
 t - 5 scrolls of teleportation {@r2}
 u - a scroll of enchant weapon
 y - a scroll of enchant armour
 B - 2 scrolls of fear
 D - a scroll of magic mapping {@r5}
Potions
 d - 2 potions of curing {unknown}
 f - a potion of cancellation
 g - 2 potions of magic
 i - 2 potions of invisibility
 j - a potion of stabbing {@q5}
 k - a potion of might {@q3}
 l - 2 potions of lignification {@q7}
 o - 3 potions of berserk rage
Comestibles
 e - 16 rations
 E - 2 chunks of flesh


   Skills:
 * Level 10.0 Fighting
 * Level 11.4 Axes
 + Level 8.7 Armour
 + Level 8.6 Shields
 * Level 9.8 Invocations


You had 10 spell levels left.
You didn't know any spells.
Your spell library was empty.

Dungeon Overview and Level Annotations

Branches:
Dungeon (13/15)            Temple (1/1) D:7            Lair (0/6) D:9
    Orc (0/2) D:10
 Vaults: D:13-14

Altars:
Ashenzari
Cheibriados
Dithmenos
Elyvilon
Fedhas
Gozag
Hepliaklqana
Kikubaaqudgha
Makhleb
Nemelex Xobeh
Okawaru
Qazlal
Ru
Sif Muna
Trog
Uskayaw
Vehumet
Wu Jian
Xom
Yredelemnul
Zin
The Shining One

Shops:
D:4 [   D:7 ?


Innate Abilities, Weirdness & Mutations

You are resistant to damage.
You can heal yourself by infusing magical energy.
You passively map the area around you.
You do not regenerate.


Message History

The phantasmal warrior barely misses you.
You slash the phantasmal warrior!
The phantasmal warrior is almost destroyed.
The phantasmal warrior hits you!!
* * * LOW HITPOINT WARNING * * *
You are too injured to fight recklessly!
You are too injured to fight recklessly!
You are too injured to fight recklessly!
You are too injured to fight recklessly!
You are too injured to fight recklessly!
You are too injured to fight recklessly!
You are too injured to fight recklessly!
You are too injured to fight recklessly!
You are too injured to fight recklessly!
You are too injured to fight recklessly!
You are too injured to fight recklessly!
Your magical essence is drained by the effort!
You feel much better. The phantasmal warrior hits you!
* * * LOW HITPOINT WARNING * * *
Your magical essence is drained by the effort!
You feel much better.
The phantasmal warrior barely misses you.
You hit the phantasmal warrior.
The phantasmal warrior is almost destroyed.
The phantasmal warrior hits you!!
* * * LOW HITPOINT WARNING * * *
You are too injured to fight recklessly!
You are too injured to fight recklessly!
You are too injured to fight recklessly!
You are too injured to fight recklessly!
You are too injured to fight recklessly!
You are too injured to fight recklessly!
You are too injured to fight recklessly!
You are too injured to fight recklessly!
You slash the phantasmal warrior!
You destroy the phantasmal warrior!
Makhleb accepts your kill.
You feel better.
You are feeling hungry.
Eating a chunk of flesh.
You eat the chunk of flesh.
This raw flesh tastes terrible.
Things that are here:
a +2 vampiric battleaxe; a +0 chain mail; a human corpse You butcher the human corpse.
E - 2 chunks of flesh
Things that are here:
a +2 vampiric battleaxe; a +0 chain mail; a human skeleton
Things that are here:
a +2 vampiric battleaxe; a +0 chain mail; a human skeleton You feel less vulnerable to hostile enchantments.
A freezing wraith comes into view.
A freezing wraith is nearby!
A freezing wraith is nearby!
A freezing wraith is nearby!
A freezing wraith is nearby!
A freezing wraith is nearby!
A freezing wraith is nearby!
A freezing wraith is nearby!
A freezing wraith is nearby!
You are too injured to fight recklessly!
You are too injured to fight recklessly!
You are too injured to fight recklessly!
You are too injured to fight recklessly!
You are too injured to fight recklessly!
You are too injured to fight recklessly!
You are too injured to fight recklessly!
You are too injured to fight recklessly!
You are too injured to fight recklessly!
You are too injured to fight recklessly!
You hit the freezing wraith but do no damage.
The freezing wraith hits you but does no damage.
The freezing wraith hits you. The freezing wraith drains your vigour!
You feel yourself slow down.
You slash the freezing wraith!
The freezing wraith is moderately damaged.
The freezing wraith hits you!
* * * LOW HITPOINT WARNING * * *
The freezing wraith freezes you!!
* * * LOW HITPOINT WARNING * * *
The freezing wraith closely misses you.
The freezing wraith hits you but does no damage. x2
You slash the freezing wraith!
The freezing wraith is heavily damaged.
The freezing wraith hits you but does no damage. x2
You hit the freezing wraith but do no damage.
The freezing wraith is heavily damaged.
You block the freezing wraith's attack. The freezing wraith barely misses you.
The freezing wraith hits you but does no damage.
The freezing wraith closely misses you.
You slash the freezing wraith!
The freezing wraith is severely damaged.
The freezing wraith hits you. The freezing wraith freezes you!
* * * LOW HITPOINT WARNING * * *
You block the freezing wraith's attack.
Your shield and scale mail prevent you from hitting the freezing wraith.
The freezing wraith is heavily damaged.
The freezing wraith hits you but does no damage.
The freezing wraith completely misses you.
You block the freezing wraith's attack. The freezing wraith hits you!
You die...

#.#.#########..#
#####.#.### #.#.#
##..####....#.#
#.#.########....(......#.#
.....).........#.......#.#
#############............#
#............#
####...>....##
#####.......##
...#@......#########
#....W>.............#
#.....##.##########.#
##.#..##.# #.# #.#<.##.#
#.# * *#,#..##.# #.# **
#..##.# #.# , * #..##.#
#.# * #.^##.##########.#


You could see a freezing wraith.

Vanquished Creatures
  Harold (D:7)
  A death knight (D:11)
  2 two-headed ogres
  Sonja (D:12)
  A phantasmal warrior (D:11)
  Joseph (D:7)
  A komodo dragon (D:13)
  2 trolls
  A hornet (D:10)
  3 slime creatures (D:7)
  3 hippogriffs
  Sigmund (D:3)
  A spriggan (D:10)
  2 wraiths
  A hog (shapeshifter) (D:13)
  2 wyverns (D:9)
  6 yaks (D:11)
  Edmund (D:5)
  An acid dragon (D:13)
  A warg (D:10)
  2 water moccasins
  A sky beast (D:8)
  A black bear (D:13)
  An ice beast (D:8)
  A necrophage (D:10)
  4 ogres
  8 orc warriors
  An eye of draining (D:8)
  2 phantoms
  7 centaurs
  3 wolves (D:9)
  5 big kobolds
  6 bullfrogs
  A gnoll sergeant (D:6)
  3 scorpions
  10 killer bees
  12 wights
  5 howler monkeys
  An electric eel (D:9)
  2 crimson imps
  5 orc wizards
  A centaur skeleton (D:9)
  7 hounds
  2 bullfrog skeletons
  3 jellies
  8 orc priests
  Crazy Yiuf (D:5)
  Terence (D:3)
  3 iguanas
  Natasha (thrice) (D:3)
  7 worker ants
  A hound zombie (D:8)
  A hound skeleton (D:10)
  A worker ant zombie (D:7)
  9 adders
  6 gnolls
  A shadow imp (D:4)
  8 oozes (D:7)
  4 adder zombies
  A dart slug (D:1)
  A worm (D:3)
  3 leopard geckos
  41 orcs
  2 giant cockroaches (D:3)
  6 goblins
  5 hobgoblins
  12 jackals
  4 quokkas
  A ball python (D:5)
  5 bats
  3 frilled lizards
  16 kobolds
  A leopard gecko skeleton (D:6)
  A quokka skeleton (D:4)
  5 rats
288 creatures vanquished.

Vanquished Creatures (collateral kills)
  A bullfrog skeleton (D:11)
1 creature vanquished.

Vanquished Creatures (others)
  2 fungi (D:7)
  7 toadstools (D:7)
9 creatures vanquished.

Grand Total: 298 creatures vanquished

Notes
Turn   | Place    | Note
-------+----------+-------------------------------------------
     0 | D:1      | EnegeticOcto the Deep Dwarf Fighter began the quest for the
                  | Orb.
     0 | D:1      | Reached XP level 1. HP: 20/20 MP: 1/1
    95 | D:1      | Reached XP level 2. HP: 27/27 MP: 2/2
   372 | D:2      | Reached XP level 3. HP: 26/34 MP: 3/3
   515 | D:3      | Noticed Terence
   536 | D:3      | Killed Terence
   536 | D:3      | Reached skill level 3 in Axes
   643 | D:3      | Noticed Natasha
   650 | D:3      | Killed Natasha
   650 | D:3      | Reached XP level 4. HP: 42/42 MP: 4/4
   690 | D:3      | Noticed Natasha
   703 | D:3      | Killed Natasha
   707 | D:3      | Found a faded altar of an unknown god.
   752 | D:3      | Noticed Sigmund
   753 | D:3      | Noticed Natasha
   767 | D:3      | Killed Natasha
   767 | D:3      | Reached XP level 5. HP: 34/50 MP: 3/3
   796 | D:3      | Killed Sigmund
   796 | D:3      | Reached skill level 4 in Axes
   796 | D:3      | Reached XP level 6. HP: 43/57 MP: 4/4
   951 | D:4      | Found Iwory's Armour Shoppe.
  1179 | D:4      | Found a shadowy altar of Dithmenos.
  1270 | D:5      | Entered Level 5 of the Dungeon
  1316 | D:5      | Reached skill level 5 in Axes
  1357 | D:5      | Reached XP level 7. HP: 49/66 MP: 5/5
  1363 | D:5      | Noticed Edmund
  1378 | D:5      | Killed Edmund
  1378 | D:5      | Reached skill level 5 in Fighting
  1688 | D:5      | Reached skill level 5 in Armour
  1922 | D:5      | Found a runed translucent door.
  1923 | D:5      | Noticed Crazy Yiuf
  2122 | D:5      | Killed Crazy Yiuf
  2198 | D:6      | Reached skill level 6 in Axes
  2198 | D:6      | Reached skill level 5 in Shields
  2244 | D:6      | Reached XP level 8. HP: 43/75 MP: 6/6
  2395 | D:6      | Reached skill level 7 in Axes
  2487 | D:6      | Found a glowing golden altar of the Shining One.
  3005 | D:7      | Gained mutation: You passively map the area around you.
                  | [Deep Dwarf growth]
  3005 | D:7      | Reached XP level 9. HP: 85/85 MP: 6/6
  3047 | D:7      | Found Eruvolar's Magic Scroll Shop.
  3055 | D:7      | Bought a scroll of remove curse for 42 gold pieces
  3055 | D:7      | Bought a scroll of enchant armour for 105 gold pieces
  3055 | D:7      | Bought a scroll of teleportation for 42 gold pieces
  3083 | D:7      | Noticed Joseph
  3109 | D:7      | Killed Joseph
  3109 | D:7      | Reached skill level 8 in Axes
  3193 | D:7      | Found a staircase to the Ecumenical Temple.
  3215 | Temple   | Entered the Ecumenical Temple
  3307 | Temple   | Became a worshipper of Makhleb the Destroyer
  3571 | D:7      | Reached skill level 1 in Invocations
  3649 | D:7      | Reached * piety under Makhleb
  3771 | D:7      | Noticed Harold
  3790 | D:7      | Killed Harold
  3790 | D:7      | Reached skill level 9 in Axes
  3790 | D:7      | Reached XP level 10. HP: 59/96 MP: 7/9
  4210 | D:8      | Reached skill level 5 in Invocations
  4622 | D:8      | Noticed a two-headed ogre
  4627 | D:8      | Killed a two-headed ogre
  4849 | D:8      | Reached ** piety under Makhleb
  4959 | D:8      | Found a shimmering altar of Xom.
  5279 | D:9      | Reached skill level 10 in Axes
  5329 | D:9      | Found a white marble altar of Elyvilon.
  5340 | D:9      | Found an opulent altar of Gozag.
  5342 | D:9      | Found a hazy altar of Hepliaklqana.
  5344 | D:9      | Found a bloodstained altar of Trog.
  5430 | D:9      | Found a staircase to the Lair.
  5493 | D:9      | Reached *** piety under Makhleb
  5788 | D:9      | Reached XP level 11. HP: 63/106 MP: 5/5
  6004 | D:10     | Entered Level 10 of the Dungeon
  6445 | D:10     | Paralysed by a hornet for 1 turns
  6455 | D:10     | Found a staircase to the Orcish Mines.
  6556 | D:10     | Noticed a two-headed ogre
  6568 | D:10     | Killed a two-headed ogre
  6570 | D:10     | Reached **** piety under Makhleb
  7004 | D:11     | Reached skill level 11 in Axes
  7026 | D:11     | You fall into a shaft and drop 2 floors!
  7068 | D:13     | Found a shimmering altar of Xom.
  7100 | D:12     | Noticed Sonja
  7110 | D:12     | Killed Sonja
  7266 | D:11     | Noticed a phantasmal warrior
  7271 | D:11     | Noticed a death knight
  7296 | D:11     | Killed a death knight
  7302 | D:11     | Reached skill level 10 in Fighting
  7314 | D:11     | Killed a phantasmal warrior
  7356 | D:11     | HP: 1/108 [freezing wraith[a death knight] (11)]
  7357 | D:11     | Slain by a freezing wraith

Levels and vault maps discovered:
D:1:      wander_arrival_estate, layout_basic, minmay_pentomino_p4
D:2:      layout_loops_ring, first_ration, kennysheep_generic_room_6
D:3:      layout_basic, chequers_ecumenical_altar_island, glass_columns_c,
          uniq_terence, uniq_sigmund, uniq_natasha
D:4:      layout_gridville, serial_shops, shop, kennysheep_crisscross,
          grunt_dithmenos_shadows
D:5:      layout_loops_ring, ebering_dispersal_statue_hall,
          uniq_crazy_yiuf_cottage, uniq_edmund
D:6:      nicolae_whirlpool, layout_cave_pools, nicolae_tso_carved_into_rock
D:7:      cheibrodos_fertilizer, layout_gridville,
          minmay_temple_entry_proselytizer, serial_shops, shop, uniq_harold,
          uniq_joseph
D:8:      layout_cave_pods, nicolae_overflow_hidden_temple
D:9:      layout_loops_ring, minitemple, erik_lair_island, hex_medium
D:10:     layout_long_grid, david_orc_1_choice, grunt_pizzeria
D:11:     layout_loops_ring, minmay_shop_grid_forest, nicolae_ru_path_of_blood
D:12:     layout_roguey, gammafunk_ghost_icy, uniq_sonja
D:13:     layout_gridville, lightli_vaults_fourway_checkpoint, basic_altar,
          introduction_to_nature_2
Temple:   regret_index_temple_sphere_string

Skill      XL: |  1  2  3  4  5  6  7  8  9 10 11 |
---------------+----------------------------------+-----
Fighting       | 3 4 5 6 7 9 10 | 10.0
Axes           | 3 4 5 6 7 9 10 11 | 11.4
Armour         | 4 5 6 7 8 |  8.7
Shields        | 4 5 6 7 8 |  8.6
Invocations    | 4 7 9 |  9.8

Action                   |  1- 3 |  4- 6 |  7- 9 | 10-12 || total
-------------------------+-------+-------+-------+-------++-------
Melee: War axe           |   126 |   104 |   423 |   579 ||  1232
Invok: Lesser Servant of |       |       |       |     1 ||     1
 Abil: Heal Wounds       |     2 |     6 |    25 |    32 ||    65
Evoke: Wand              |       |       |       |     3 ||     3
  Use: Scroll            |       |     9 |     3 |     7 ||    19
 Stab: Paralysed         |       |       |       |     1 ||     1
  Eat: Chunk             |       |     2 |     9 |    13 ||    24
Armor: Scale mail        |    71 |    29 |   233 |   306 ||   639
Dodge: Dodged            |    40 |    24 |   152 |   220 ||   436
Block: Kite shield       |    72 |    43 |   278 |   381 ||   774

Table legend:
 A = Non-vault XP
 B = Vault XP
 C = Vault XP percentage of total XP
 D = Non-vault monster count
 E = Vault monster count
 F = Vault count percentage of total count
                 A         B        C        D         E       F
            +---------+---------+-------+---------+---------+-------
      Total |   14707 |    5927 |  28.7 |     238 |      51 |  17.6
            +---------+---------+-------+---------+---------+-------
        D:1 |      27 |       6 |  18.2 |      16 |       3 |  15.8
        D:2 |      12 |       0 |   0.0 |       7 |       0 |   0.0
        D:3 |     108 |     302 |  73.7 |      21 |       3 |  12.5
        D:4 |     138 |      11 |   7.4 |       5 |       1 |  16.7
        D:5 |     277 |     210 |  43.1 |      13 |       2 |  13.3
        D:6 |     707 |     335 |  32.1 |      26 |       3 |  10.3
        D:7 |    1273 |    2595 |  67.1 |      28 |      21 |  42.9
        D:8 |    2291 |       0 |   0.0 |      28 |       0 |   0.0
        D:9 |    2037 |     761 |  27.2 |      31 |       7 |  18.4
       D:10 |    3193 |     919 |  22.3 |      43 |      10 |  18.9
       D:11 |    3427 |       0 |   0.0 |      13 |       0 |   0.0
       D:12 |     129 |     788 |  85.9 |       2 |       1 |  33.3
       D:13 |    1088 |       0 |   0.0 |       5 |       0 |   0.0
            +---------+---------+-------+---------+---------+-------
